 Dungeon Crawl Stone Soup version 0.31-a0-833-gc15d34cb79 (webtiles) character file.

Game seed: 9045495656225083506

3818 Strat the Arsonist (level 10, -5/76 HPs)
             Began as a Human Fire Elementalist on Sept 25, 2023.
             Was an Initiate of Ashenzari.
             Shot with an arrow by a centaur (12 damage)
             ... on level 9 of the Dungeon.
             The game lasted 00:25:02 (9643 turns).

Strat the Arsonist (Human Fire Elementalist)        Turns: 9643, Time: 00:25:02

Health: -5/76      AC:  4    Str: 15    XL:     10   Next: 40%
Magic:  13/18      EV: 13    Int: 20    God:    Ashenzari [......]
Gold:   866        SH:  0    Dex: 13    Spells: 6/20 levels left

rFire   . . .        a - +5 scimitar
rCold   . . .        (no shield)
rNeg    . . .        C - +0 robe
rPois   .            (no helmet)
rElec   .            v - +0 cloak
rCorr   +            z - +0 pair of gloves
SInv    .            (no boots)
Will    .....        (no amulet)
Stlth   ++           t - +6 ring of strength
HPRegen 0.32/turn    c - ring of resist corrosion
MPRegen 0.16/turn

%: no passive effects
@: no status effects
A: no striking features
a: Renounce Religion


You were on level 9 of the Dungeon.
You worshipped Ashenzari.
Ashenzari was noncommittal.
You visited 2 branches of the dungeon, and saw 10 of its levels.

You collected 866 gold pieces.

Inventory:

Hand Weapons
 a - a +5 scimitar (weapon)
 b - a +3 short sword of speed
 o - a +2 trident of holy wrath
Missiles
 x - 4 throwing nets
Armour
 v - a +0 cloak (worn)
 z - a +0 pair of gloves (worn)
 C - a +0 robe (worn)
 E - a +0 hat
Jewellery
 c - a ring of resist corrosion (right hand)
 m - a ring of positive energy
 t - a +6 ring of strength (left hand)
Talismans
 k - a beast talisman
 A - a storm talisman
Wands
 n - a wand of paralysis (8)
Scrolls
 f - 3 scrolls of vulnerability
 i - 2 scrolls of amnesia
 j - 2 scrolls of immolation
 u - 3 scrolls of teleportation
Potions
 d - 2 potions of lignification
 h - a potion of cancellation
 l - 3 potions of haste
 p - a potion of berserk rage
 q - 2 potions of attraction
 r - a potion of might
 s - a potion of enlightenment {unknown}
 B - 2 potions of heal wounds {unknown}
 D - a potion of magic


   Skills:
 + Level 6.1 Fighting
 + Level 3.9 Dodging
 - Level 2.0 Stealth
 + Level 5.9 Spellcasting
 - Level 5.0 Conjurations
 + Level 10.1 Fire Magic


You had 6 spell levels left.
You knew the following spells:

 Your Spells              Type           Power      Damage    Failure   Level
a - Foxfire               Conj/Fire      100%       2x1d9     1%          1
b - Scorch                Fire           92%        2d8       1%          2
c - Flame Wave            Conj/Fire      36%        2d10      4%          4
d - Inner Flame           Hex/Fire       26%        N/A       4%          3
e - Sticky Flame          Conj/Fire      36%        2d6       4%          4

Your spell library contained the following spells:

 Spells                   Type           Power      Damage    Failure   Level
 Volatile Blastmotes      Fire/Tloc      52%        2d14      4%          3
 Ignite Poison            Fire/Tmut/Pois 19%        N/A       8%          3
 Sandblast                Erth           10%        2d5       11%         1
 Stone Arrow              Conj/Erth      30%        3d8       12%         3
 Cigotuvi's Dreadful Rot  Necr/Pois/Air  10%        N/A       16%         2
 Passwall                 Tmut/Erth      4%         N/A       16%         2
 Brom's Barrelling Bould  Conj/Erth      15%        2d4       36%         4
 Freezing Cloud           Conj/Ice/Air   6%         6-21      83%         5
 Ignition                 Fire           23%        3d8       100%        8


Dungeon Overview and Level Annotations

Branches:
Dungeon (9/15)             Temple (1/1) D:6
   Lair: D:8-11         Orc: D:9-12

Altars:
Ashenzari
Cheibriados
Dithmenos
Elyvilon
Fedhas
Hepliaklqana
Kikubaaqudgha
Makhleb
Okawaru
Qazlal
Ru
Sif Muna
Trog
Uskayaw
Vehumet
Wu Jian
Xom
Yredelemnul
Zin
The Shining One

Annotations:
D:8 3 runed translucent doors, Darius099's ghost, novice MiFi


Message History

You feel sick.
You feel sick.
You feel sick.
Found a sling.
You feel sick.
A centaur comes into view.
You feel sick.
You are no longer poisoned.
You flicker for a moment.
You start resting.
You flicker back into view.
You start resting.
A gnoll is nearby!
Aiming: Paralyse
Press: ? - help, Shift-Dir - straight line, f - gnoll
Aim: a gnoll, wielding a +0 spear (moderately wounded, chance to affect: 57%)
The gnoll resists with significant effort.
Casting: Inner Flame (dangerous; 4% risk of failure)
Confirm with . or Enter, or press ? or * to list all spells.
You don't know that spell.
Casting: Inner Flame (dangerous; 4% risk of failure)
Confirm with . or Enter, or press ? or * to list all spells.
Flames lash the gnoll.
You kill the gnoll!
You start resting.
A centaur is nearby!
Casting: Scorch (safe; 1% risk of failure)
Confirm with . or Enter, or press ? or * to list all spells.
Flames lash the centaur.
The centaur shouts!
The centaur is moderately wounded.
The centaur's fire resistance burns away.
The centaur wields a +0 shortbow.
The centaur shoots an arrow.
The arrow hits you.
* * * LOW HITPOINT WARNING * * *
Casting: Scorch (safe; 1% risk of failure)
Confirm with . or Enter, or press ? or * to list all spells.
Flames lash the centaur.
The centaur is burned terribly!
The centaur is moderately wounded.
The centaur shoots an arrow.
The arrow hits you!
You die...

### ###########
g...# #...#.)..@#
....'.#.###.#c###
#.'.....#...
###>#####.#.#
#.....#..c#
#####'### # #.#
#.# #.#


You could see a centaur (combustible).

Vanquished Creatures
  A gargoyle (D:7)
  An unseen horror zombie (D:8)
  Sigmund (D:2)
  A steam dragon (D:8)
  Duvessa (D:7)
  2 water moccasins
  An ice beast (D:5)
  2 ogres
  An orc warrior (D:8)
  5 sky beasts
  2 centaurs (D:8)
  2 bullfrogs
  A gnoll sergeant (D:8)
  A wyvern zombie (D:8)
  9 wights
  Dowan (D:7)
  A howler monkey (D:8)
  A centaur zombie (D:8)
  2 orc priests
  5 hounds
  2 jellies
  6 iguanas
  6 orc wizards
  A howler monkey zombie (D:8)
  5 gnolls
  8 adders
  2 white imps (D:7)
  2 worms
  3 dart slugs
  21 orcs
  8 ball pythons
  6 endoplasms
  2 giant cockroaches (D:3)
  4 goblins
  6 hobgoblins
  4 jackals (D:1)
  6 kobolds
  3 quokkas
  4 bats
  5 rats
145 creatures vanquished.

Vanquished Creatures (collateral kills)
  A hound (D:5)
1 creature vanquished.

Vanquished Creatures (others)
  329 foxfires
329 creatures vanquished.

Grand Total: 475 creatures vanquished

Notes
Turn   | Place    | Note
-------+----------+-------------------------------------------
     0 | D:1      | Strat the Human Fire Elementalist began the quest for the
                  | Orb.
     0 | D:1      | Reached XP level 1. HP: 13/13 MP: 3/3
   160 | D:1      | Reached XP level 2. HP: 10/19 MP: 0/5
   211 | D:1      | Learned a level 2 spell: Scorch
   566 | D:1      | Reached XP level 3. HP: 24/24 MP: 2/6
  1145 | D:2      | Noticed Sigmund
  1150 | D:2      | Killed Sigmund
  1151 | D:2      | Reached skill level 5 in Fire Magic
  1151 | D:2      | Reached XP level 4. HP: 30/30 MP: 1/8
  1151 | D:2      | Reached XP level 5. HP: 35/35 MP: 1/9
  1151 | D:2      | Reached XP level 6. HP: 41/41 MP: 1/10
  2276 | D:3      | Found a sacrificial altar of Ru.
  2760 | D:3      | Found a basalt altar of Yredelemnul.
  3183 | D:4      | Found an ornate altar of the Wu Jian Council.
  3301 | D:4      | Reached XP level 7. HP: 42/46 MP: 6/13
  3995 | D:5      | Entered Level 5 of the Dungeon
  4207 | D:5      | Reached skill level 6 in Fire Magic
  4320 | D:5      | Reached skill level 5 in Spellcasting
  4424 | D:5      | Found a stormy altar of Qazlal.
  4587 | D:5      | Reached skill level 7 in Fire Magic
  4587 | D:5      | Reached XP level 8. HP: 53/53 MP: 10/15
  4622 | D:5      | Learned a level 4 spell: Flame Wave
  4630 | D:5      | Reached skill level 1 in Fighting
  4989 | D:5      | Learned a level 8 spell: Ignition
  5096 | D:5      | Learned a level 3 spell: Inner Flame
  5270 | D:6      | Found a staircase to the Ecumenical Temple.
  5294 | Temple   | Entered the Ecumenical Temple
  6020 | D:6      | Found a glowing golden altar of the Shining One.
  6040 | D:6      | Reached XP level 9. HP: 60/65 MP: 10/16
  6489 | D:7      | Reached skill level 8 in Fire Magic
  6563 | D:7      | Noticed Duvessa
  6563 | D:7      | Noticed Dowan
  6594 | D:7      | Killed Duvessa
  6598 | D:7      | Killed Dowan
  7053 | D:7      | Reached skill level 5 in Fighting
  7053 | D:7      | Reached skill level 5 in Conjurations
  7160 | D:7      | Noticed a gargoyle
  7427 | D:7      | Reached skill level 9 in Fire Magic
  7606 | D:7      | Killed a gargoyle
  7975 | D:8      | Reached skill level 10 in Fire Magic
  7979 | D:8      | Reached XP level 10. HP: 37/74 MP: 4/17
  8192 | D:8      | Found a runed translucent gate.
  8531 | D:8      | Found a runed translucent gate.
  8531 | D:8      | Noticed Darius099's ghost (novice MiFi)
  8531 | D:8      | Noticed a nine-headed hydra
  8532 | D:8      | Found a runed translucent gate.
  8532 | D:8      | Noticed a nine-headed hydra
  8749 | D:8      | Found a broken altar of Ashenzari.
  8749 | D:8      | Found a shimmering altar of Xom.
  8755 | D:8      | Became a worshipper of Ashenzari the Shackled
  8771 | D:8      | Learned a level 4 spell: Sticky Flame
  9350 | D:8      | Identified a scroll of acquirement
  9350 | D:8      | Acquired 340 gold pieces
  9643 | D:9      | Shot with an arrow by a centaur

Illustrated notes

Levels and vault maps discovered:
D:1:      erik_arrival_blinker_ship, layout_rooms
D:2:      layout_loops_corners, chequers_serial_rivers_large_a, uniq_sigmund
D:3:      layout_rooms, yredelemnul_altar_generic,
          nicolae_ru_sacrificial_ziggurat, minmay_misc_feat_secret_circle
D:4:      layout_gridville, nzn_wu_jian_contemplation
D:5:      layout_gridville, nicolae_qazlal_beasts_of_the_sky,
          eino_small_chamber_without_monster
D:6:      layout_loops_ring, nicolae_tso_carved_into_rock,
          minmay_temple_entry_drinking_statues, hangedman_abyss_or_decor_stabs,
          minivault_26
D:7:      layout_basic, hangedman_minor_gate_pass, uniq_duvessa
D:8:      layout_gridville, gammafunk_temple_overflow_elements, serial_undead,
          serial_undead_e, serial_undead_b, serial_undead_d, serial_undead_e,
          gammafunk_ghost_hydra_chop, minivault_25
D:9:      layout_roguey, gammafunk_ghost_cemetery
Temple:   compressed_dpeg_triangle_lava_temple

Skill      XL: |  1  2  3  4  5  6  7  8  9 10 |
---------------+-------------------------------+-----
Spellcasting   | 3 4 5 |  5.9
Conjurations   | 2 4 5 |  5.0
Fire Magic     | 5 7 10 | 10.1
Fighting       | 3 5 6 |  6.1
Dodging        | 3 |  3.9
Stealth        | |  2.0

Action                     |  1- 3 |  4- 6 |  7- 9 | 10-12 || total
---------------------------+-------+-------+-------+-------++-------
  Melee: Dagger            |     5 |       |       |       ||     5
         Short sword       |     1 |    13 |     3 |       ||    17
         Scimitar          |       |       |     1 |     8 ||     9
         Punch             |       |       |       |     1 ||     1
   Cast: Foxfire           |    29 |    30 |   112 |    18 ||   189
         Scorch            |    12 |    24 |    75 |    24 ||   135
         Flame Wave        |       |       |       |     2 ||     2
         Sticky Flame      |       |       |       |     1 ||     1
  Evoke: Wand              |       |       |       |     3 ||     3
    Use: Potion            |       |     1 |     2 |     3 ||     6
         Scroll            |       |       |    22 |     2 ||    24
 Armour: Robe              |    12 |    14 |    34 |    60 ||   120
  Dodge: Dodged            |    21 |    15 |    14 |    35 ||    85

Table legend: (Time is in decaauts)
 A = Elapsed time spent in this place.
 B = Non-inter-level travel time spent in this place.
 C = Inter-level travel time spent in this place.
 D = Time resting spent in this place.
 E = Time spent auto-exploring this place.
 F = Levels seen in this place.
 G = Mean time per level.
                   A        B        C        D        E       F      G
               +--------+--------+--------+--------+--------+-----+--------+
         Total |   9656 |   9395 |    261 |   2085 |   5731 |  10 |  965.6 |
       Dungeon |   9634 |   9383 |    251 |   2085 |   5731 |   9 | 1070.4 |
        Temple |     21 |     11 |     10 |      0 |      0 |   1 |   21.0 |
               +--------+--------+--------+--------+--------+-----+--------+

Top non-repeatable levels by time:
     D:7: 1692 daAuts
     D:8: 1672 daAuts
     D:2: 1356 daAuts
     D:5: 1149 daAuts
     D:4: 1062 daAuts
     D:6: 1027 daAuts
     D:1: 905 daAuts
     D:3: 682 daAuts
     D:9: 85 daAuts
  Temple: 21 daAuts
